Description

Just for me

Build Order

Get SALT Encoding   

  1  0:12  Overlord  Scout for proxys
  1  0:53  Hatchery  
  1  1:02  Extractor  
  1  1:20  Spawning Pool  
  1  2:03  Overlord  
  1  2:06  Queen x2  
  1  2:09  Metabolic Boost  
  1  2:11  Zergling x4  
  1  2:40  Overlord  
  1  2:50  Queen x2  
  1  3:30  Overlord  Scout with the 1st overlord
  1  3:45  Spore Crawler x3  In each mineral line
  1  4:00  Lair  
  1  4:10  Roach Warren  
  1  4:15  Extractor x3  16 workers at natural
  1  5:00  Hatchery  
  1  6:00  Hydralisk Den  
  1  6:10  Evolution Chamber x2  
  1  7:00  Infestation Pit  
  1  8:00  Hatchery x2  
  1  15:00  Hive  
Spawning Tool Build Advisor. Get it on Overwolf

Go to:

Details

  • Created by: SeekingGP
  • Published on: Dec 27, 2018
  • Modified on: Dec 29, 2018
  • Patch: 4.7.1
Show
View Real Time Build Order
Export as new Build Order

Comments (0)

There are no comments. Be the first!

Create an account to comment!